 Dungeon Sprint DCSS version 0.21.0-26-g889b8f6 (webtiles) character file.

3723 wojtek the Severer (level 9, -3/92 HPs)
             Began as a Minotaur Berserker on Jan 27, 2018.
             Was the Champion of Trog.
             Slain by an orc warrior
             ... wielding a +0 scimitar
              (19 damage)
             ... in the Dungeon (Sprint III: "The Ten Rune Challenge").
             The game lasted 00:03:15 (1365 turns).

wojtek the Severer (Minotaur Berserker)             Turns: 1365, Time: 00:03:16

Health: -3/92      AC:  9    Str: 24    XL:     9   Next: 92%
Magic:  8/8        EV: 16    Int: 13    God:    Trog [******]
Gold:   38         SH:  0    Dex: 11    Spells: 8/8 levels left

rFire    . . .     SeeInvis .   b - +6 executioner's axe "Hyumm" {chop, *Noise Int+9}
rCold    . . .     Gourm    .   (shield currently unavailable)
rNeg     . . .     Faith    .   q - +0 scale mail
rPois    .         Spirit   .   (helmet restricted)
rElec    .         Reflect  .   (no cloak)
rCorr    .         Harm     .   (no gloves)
MR       .....     NoTele   +   (no boots)
Stlth    ..........             (no amulet)
HPRegen  0.25/turn              (no ring)
MPRegen  0.11/turn              (no ring)

@: confused
A: retaliatory headbutt, horns 2
a: Berserk, Trog's Hand, Brothers in Arms, Burn Spellbooks, Renounce Religion


You were in the Dungeon.
You worshipped Trog.
Trog was exalted by your worship.
You were not hungry.

You visited 1 branch You collected 38 gold pieces.

Inventory:

Hand Weapons
 a - a +3 broad axe of electrocution
 b - the +6 executioner's axe "Hyumm" (weapon) {chop, *Noise Int+9}
   (Trog gifted it to you in the Dungeon)

   It inflicts extra damage upon your enemies.
   It affects your intelligence (+9).
   It may make noises in combat.
Armour
 q - a +0 scale mail (worn)
Scrolls
 i - a scroll of blinking
 j - 2 scrolls of identify {unknown}
 m - 2 scrolls of holy word {unknown}
 n - a scroll of immolation {unknown}
 o - 2 scrolls of remove curse {unknown}
Potions
 d - 2 potions of curing
 e - 2 potions of heal wounds
 f - a potion of haste
 g - 2 potions of magic
 h - a potion of berserk rage
 l - 3 potions of mutation {unknown}
 p - 3 potions of flight
Miscellaneous
 k - a phial of floods
Comestibles
 c - 3 rations
 r - 6 chunks of flesh


   Skills:
 + Level 12.6 Fighting
 * Level 16.7 Axes
 + Level 12.4 Armour
 + Level 11.5 Dodging


You had 8 spell levels left.
You didn't know any spells.

Dungeon Overview and Level Annotations

Branches:
Dungeon (1/1)

Altars:
Cheibriados
Dithmenos
Elyvilon
Fedhas
Gozag
Hepliaklqana
Kikubaaqudgha
Makhleb
Nemelex Xobeh
Okawaru
Qazlal
Ru
Sif Muna
Trog
Uskayaw
Vehumet
Wu Jian
Xom
Yredelemnul
Zin
The Shining One
Beogh
Jiyva
Lugonu

Shops:
D *


Innate Abilities, Weirdness & Mutations

You reflexively headbutt those who attack you in melee.
You have a pair of horns on your head.


Message History

You miss the orc wizard.
The orc warrior no longer looks unusually strong.
The orc wizard points at you and mumbles some strange words.
You are more confused.
You barely miss the orc.
The orc is heavily wounded.
You hit the orc warrior.
The orc no longer looks unusually strong.
The orc wizard no longer looks unusually strong.
The orc no longer looks unusually strong.
The orc wizard no longer looks unusually strong.
The orc misses you. The orc warrior completely misses you.
You bump into the rock wall.
Unknown command.
You bump into the rock wall.
The orc warrior completely misses you. x2
You're too confused!
You're too confused!
You bump into the rock wall.
The orc warrior closely misses you.
The orc warrior hits you with a scimitar!!
You die...

▓▓▓ ##.################# #
##..#___#___#__#$$∩$#.#$
.#..#...#__.#._#$$......
.#..###'#'###)##oo).....
'#..#....).....#ooo.....
#..)'.⌠........#@#
#...#...######'#$#
....#.⌠.#__#...#'##############
....#...#__#.))#....#.#.#.....#
....#'###__#..)##.#..#.##.###.#
....#)).#__#...)##.#.#.##.#.)##
....#___#__'...#...#..#..##..+...
▓▓▓▓▓▓▓▓▓▓▓▓▓▓▓▓▓▓▓▓▓▓▓▓▓▓▓▓▓#s..
...


You could see 2 orc warriors, an orc wizard and 2 orcs.

Vanquished Creatures
  Erolcha (D)
  A deep elf mage (D)
  An orc sorcerer (D)
  A shadow (D)
  A spatial vortex (D)
  An orc warrior (D)
  A necrophage (D)
  5 two-headed ogres (D)
  A water elemental (D)
  A jelly (D)
  A wizard (D)
  A necromancer (D)
  A kobold demonologist (D)
  3 humans (D)
  An ooze (D)
  A phantom (D)
  An orc (D)
  3 rats (D)
26 creatures vanquished.

Vanquished Creatures (collateral kills)
  An orc knight (D)
  An orc sorcerer (D)
  An orc warrior (D)
  3 orc priests (D)
  2 orcs (D)
8 creatures vanquished.

Vanquished Creatures (others)
  2 draconian scorchers (D)
  6 hellions (D)
  A yaktaur (D)
  An orc (D)
10 creatures vanquished.

Grand Total: 44 creatures vanquished

Notes
Turn   | Place    | Note
-------+----------+-------------------------------------------
     0 | D        | wojtek the Minotaur Berserker began the quest for the Orb.
     0 | D        | Reached XP level 1. HP: 19/19 MP: 0/0
    10 | D        | Reached skill level 4 in Axes
    26 | D        | Reached ** piety under Trog
    71 | D        | Reached skill level 5 in Axes
    71 | D        | Reached XP level 2. HP: 28/28 MP: 1/1
    72 | D        | Reached XP level 3. HP: 35/35 MP: 2/2
   106 | D        | Noticed a water elemental
   112 | D        | Killed a water elemental
   112 | D        | Reached *** piety under Trog
   112 | D        | Reached skill level 5 in Fighting
   112 | D        | Reached skill level 7 in Axes
   112 | D        | Reached skill level 5 in Armour
   112 | D        | Reached XP level 4. HP: 2/44 MP: 3/3
   116 | D        | Killed a hellion
   116 | D        | Killed a hellion
   118 | D        | Killed a hellion
   118 | D        | Killed a hellion
   130 | D        | Killed a hellion
   162 | D        | Killed a white draconian scorcher
   178 | D        | Killed a yaktaur
   199 | D        | Killed a white draconian scorcher
   230 | D        | Killed a hellion
   405 | D        | Found a radiant altar of Vehumet.
   406 | D        | Found a deep blue altar of Sif Muna.
   406 | D        | Found an ancient bone altar of Kikubaaqudgha.
   406 | D        | Noticed a wizard
   408 | D        | Killed a wizard
   408 | D        | Reached skill level 5 in Dodging
   409 | D        | Reached skill level 8 in Axes
   458 | D        | Found a glowing silver altar of Zin.
   459 | D        | Found a glowing golden altar of the Shining One.
   459 | D        | Found a white marble altar of Elyvilon.
   459 | D        | Noticed a deep elf mage
   468 | D        | Reached **** piety under Trog
   477 | D        | Killed a deep elf mage
   477 | D        | Reached skill level 12 in Axes
   477 | D        | Reached XP level 5. HP: 48/57 MP: 4/4
   477 | D        | Reached XP level 6. HP: 54/63 MP: 5/5
   477 | D        | Reached XP level 7. HP: 60/70 MP: 6/6
   601 | D        | Found a hide-covered altar of Uskayaw.
   601 | D        | Found an iron altar of Okawaru.
   602 | D        | Found a roughly hewn altar of Beogh.
   602 | D        | Found a bloodstained altar of Trog.
   602 | D        | Found an ornate altar of the Wu Jian Council.
   602 | D        | Noticed a human
   602 | D        | Noticed a human
   605 | D        | Reached ***** piety under Trog
   614 | D        | Killed a human
   614 | D        | Received a gift from Trog
   624 | D        | Killed a human
   769 | D        | Found a basalt altar of Yredelemnul.
   769 | D        | Found a shadowy altar of Dithmenos.
   769 | D        | Found a sacrificial altar of Ru.
   772 | D        | Reached skill level 10 in Fighting
   772 | D        | Reached skill level 13 in Axes
   782 | D        | Noticed a shadow
   787 | D        | Killed a shadow
   787 | D        | Reached XP level 8. HP: 71/79 MP: 7/7
   787 | D        | Reached skill level 10 in Armour
   820 | D        | Found a blossoming altar of Fedhas.
   820 | D        | Found a stormy altar of Qazlal.
   820 | D        | Found a snail-covered altar of Cheibriados.
   820 | D        | Found a burning altar of Makhleb.
   820 | D        | Found a shimmering altar of Xom.
   821 | D        | Found a hazy altar of Hepliaklqana.
   821 | D        | Found an opulent altar of Gozag.
   821 | D        | Found a sparkling altar of Nemelex Xobeh.
   821 | D        | Found a corrupted altar of Lugonu.
   821 | D        | Found a viscous altar of Jiyva.
   939 | D        | Reached skill level 14 in Axes
   942 | D        | Received a gift from Trog
   943 | D        | Got an encrusted executioner's axe {god gift}
   944 | D        | Identified the +6 executioner's axe "Hyumm" {chop, *Noise Int+9} (Trog gifted it to you in the Dungeon)
   964 | D        | Noticed a two-headed ogre
   980 | D        | Killed a two-headed ogre
   980 | D        | Reached skill level 10 in Dodging
  1182 | D        | Noticed a two-headed ogre
  1182 | D        | Noticed Erolcha
  1186 | D        | Killed Erolcha
  1186 | D        | Reached skill level 15 in Axes
  1186 | D        | Reached XP level 9. HP: 79/90 MP: 8/8
  1190 | D        | Killed a two-headed ogre
  1342 | D        | Found Comnaby's General Store.
  1344 | D        | Noticed an orc knight
  1346 | D        | Reached skill level 16 in Axes
  1348 | D        | Noticed an orc sorcerer
  1350 | D        | Noticed an orc sorcerer
  1352 | D        | Killed an orc knight
  1354 | D        | Reached ****** piety under Trog
  1355 | D        | Killed an orc sorcerer
  1361 | D        | Killed an orc sorcerer
  1365 | D        | Slain by an orc warrior

Skill      XL: |  1  2  3  4  5  6  7  8  9 |
---------------+----------------------------+-----
Fighting       | 4 5 9 10 11 12 | 12.6
Axes           | 5 7 12 13 15 16 | 16.7
Armour         | 3 5 8 9 11 12 | 12.4
Dodging        | 3 4 7 9 10 11 | 11.5

Action                   |  1- 3 |  4- 6 |  7- 9 || total
-------------------------+-------+-------+-------++-------
Melee: Hand axe          |    18 |     5 |    18 ||    41
       Headbutt          |     4 |     3 |    11 ||    18
       Broad axe         |       |       |    19 ||    19
       Executioner's axe |       |       |    21 ||    21
Invok: Berserk           |     1 |     2 |       ||     3
       Burn Spellbooks   |       |     1 |     1 ||     2
       Brothers in Arms  |       |       |     1 ||     1
 Stab: Sleeping          |     1 |       |       ||     1
  Eat: Ration            |       |       |     1 ||     1
       Chunk             |       |       |     1 ||     1
Armor: Animal skin       |     1 |     1 |       ||     2
       Scale mail        |       |       |     3 ||     3
Dodge: Dodged            |     9 |     1 |    36 ||    46
